[Event "Titled Tuesday Blitz January 31 Early 2023"]
[White "Prieto Aranguren, Alain"]
[Black "Przybylski, Wojciech"]
[WhiteFideId "2268906"]
[BlackFideId "1117599"]
[WhiteElo "2258"]
[BlackElo "2321"]
[Result "0-1"]
[Round "10"]
[TimeControl "180+2"]
[Date "2023.01.31"]
[WhiteClock "0:00:10"]
[BlackClock "0:00:06"]

1. d4 d5 2. c4 e6 3. Nc3 Nf6 4. cxd5 exd5 5. Bg5 Be7 6. e3 O-O 7. Bd3 Re8 8. Qc2 h6 9. Bf4 c6 10. Nf3 Nbd7 11. O-O Nf8 12. Rab1 a5 13. h3 Ne6 14. Bh2 Ng5 15. Ne5 a4 16. f4 Nge4 17. Nxe4 Nxe4 18. Bxe4 dxe4 19. Qxe4 a3 20. b3 Ra5 21. Qc2 Bf8 22. Rbd1 f6 23. Nf3 Bf5 24. Qd2 Be4 25. Kh1 Qd7 26. Bg1 Rh5 27. Qf2 Bd6 28. Qg3 Kh7 29. Bh2 Qf7 30. Qg4 f5 31. Qg3 g5 32. Ne5 Qg7 33. Kg1 Rg8 34. Rd2 g4 35. h4 Qf6 36. Nd7 Qe7 37. Nc5 Rxh4 38. Nxe4 fxe4 39. d5 c5 40. Qf2 g3 41. Bxg3 Rhg4 42. Bh2 Qg7 43. g3 h5 44. Kh1 Qf7 45. Rg1 Qf5 46. Rdd1 b5 47. Qd2 Qf6 48. Qa5 Kh6 49. Qxb5 R8g6 50. Qe8 Qg7 51. f5 Rf6 52. Rdf1 Rf8 53. Qc6 Rf6 54. Qb5 Qg5 55. Qe8 Kh7 56. Qd7+ Kh6 57. Qe8 Qg7 58. Rf4 Rg5 59. Qc8 Bxf4 60. Qc6 Rxc6 61. gxf4 Rxg1+ 62. Bxg1 Rd6 63. f6 Qxf6 64. Bh2 Qh4 65. Kg2 Rg6+ 66. Bg3 Qxg3+ 67. Kh1 Qf3+ 68. Kh2 Qg2# 0-1


[Site "https://www.chess.com"]

[Event "Titled Tuesday Blitz January 31 Early 2023"]
[White "Ramirez Allo, Eduardo"]
[Black "rikchessmx"]
[WhiteFideId "2224178"]
[WhiteElo "2274"]
[BlackElo "2329"]
[Result "1-0"]
[Round "10"]
[TimeControl "180+2"]
[Date "2023.01.31"]
[WhiteClock "0:00:04"]
[BlackClock "0:00:04"]

1. d4 Nf6 2. c4 e6 3. Nf3 c5 4. g3 cxd4 5. Nxd4 a6 6. Bg2 Qc7 7. b3 Be7 8. O-O O-O 9. Bb2 Nc6 10. Nc3 Rb8 11. Rc1 Ne5 12. Ndb5 axb5 13. Nxb5 Qa5 14. Bxe5 d6 15. Bxd6 Rd8 16. Bxb8 Rxd1 17. Rfxd1 Bd7 18. a4 h5 19. Bd6 Bxb5 20. axb5 Bxd6 21. Rxd6 Qb4 22. Rd8+ Kh7 23. Rd3 b6 24. Rcd1 Ng4 25. h3 Ne5 26. Re3 f6 27. f4 Ng6 28. Rxe6 Qxb3 29. Rd7 Qxg3 30. Rd3 Qxf4 31. Rxb6 Nh4 32. Bd5 Qg5+ 33. Kf2 Qf4+ 34. Ke1 Qc1+ 35. Kf2 Nf5 36. Re6 Qf4+ 37. Ke1 Nd4 38. Be4+ f5 39. Rxd4 Qg3+ 40. Kd2 Qf4+ 41. Kd3 fxe4+ 42. Rdxe4 Qf1 43. b6 Qd1+ 44. Kc3 Qc1+ 45. Kb4 Qb2+ 46. Kc5 Qa3+ 47. Kc6 Qa4+ 48. Kc7 Qa5 49. c5 Qxc5+ 50. Kb7 Qb5 51. R4e5 Qd7+ 52. Ka6 Qa4+ 53. Kb7 Qd7+ 54. Ka8 Qc8+ 55. Ka7 Qd7+ 56. b7 Qa4+ 57. Kb8 Qc4 58. Rxh5+ Kg8 59. Rhe5 Kf7 60. Re7+ Kf6 61. R5e6+ Kf5 62. Rd6 Qc5 63. Rdd7 Qb6 64. Rxg7 Kf6 65. Rge7 Qa6 66. e4 Kg6 67. e5 Qb6 68. e6 Kf6 69. Kc8 Qa6 70. Kd8 Qb6+ 71. Ke8 Qb1 72. Rf7+ Kxe6 73. Rfe7+ Kf6 74. Rf7+ Ke6 75. Rde7+ Kd6 76. Kf8 Qb4 77. Kg8 Kc6 78. Re8 1-0


[Site "https://www.chess.com"]

[Event "Titled Tuesday Blitz January 31 Early 2023"]
[White "Mohammed, Zozek Salah Mohammed"]
[Black "Matveeva, Olga"]
[WhiteFideId "4803361"]
[BlackFideId "24107018"]
[WhiteElo "2210"]
[BlackElo "2128"]
[Result "0-1"]
[Round "10"]
[TimeControl "180+2"]
[Date "2023.01.31"]
[WhiteClock "0:01:12"]
[BlackClock "0:00:39"]

1. d4 d5 2. c4 e6 3. Nf3 Nf6 4. g3 Bb4+ 5. Bd2 Be7 6. Bg2 O-O 7. O-O Nbd7 8. Bg5 c6 9. Nbd2 b6 10. Ne5 Bb7 11. Rc1 Rc8 12. e4 Nxe5 13. dxe5 Nxe4 14. Bxe7 Qxe7 15. Nxe4 dxe4 16. Bxe4 c5 17. Qf3 Bxe4 18. Qxe4 Rfd8 19. Rfd1 h6 20. Qf4 Qg5 21. Qxg5 hxg5 22. f4 gxf4 23. gxf4 Kf8 24. Kf2 Ke7 25. Ke3 Rxd1 26. Rxd1 Rh8 27. Rd2 Rh3+ 28. Ke4 f5+ 29. exf6+ gxf6 30. f5 Rh4+ 31. Kd3 exf5 32. Re2+ Kd6 33. b3 Rh3+ 34. Kd2 f4 35. Ke1 f5 36. Kf1 f3 37. Re3 Rxh2 38. Rxf3 Ke5 39. Re3+ Kf4 40. Re7 Rxa2 0-1


[Site "https://www.chess.com"]

[Event "Titled Tuesday Blitz January 31 Early 2023"]
[White "Ruiz Aguilar, Pablo Alexander"]
[Black "Guliev, Logman"]
[WhiteFideId "4401352"]
[BlackFideId "13400061"]
[WhiteElo "2161"]
[BlackElo "2250"]
[Result "0-1"]
[Round "10"]
[TimeControl "180+2"]
[Date "2023.01.31"]
[WhiteClock "0:00:07"]
[BlackClock "0:00:36"]

1. e4 e5 2. Nf3 Nc6 3. Bb5 a6 4. Ba4 Nf6 5. d3 b5 6. Bb3 Bc5 7. O-O h6 8. Nxe5 Nxe5 9. d4 Bxd4 10. Qxd4 d6 11. c3 O-O 12. Bf4 Ng6 13. Bg3 Bb7 14. Re1 Re8 15. Nd2 Nh5 16. Bd5 c6 17. Bb3 Nhf4 18. Qe3 Qf6 19. Qf3 c5 20. Bd5 Nxd5 21. exd5 Qxf3 22. Nxf3 Bxd5 23. Bxd6 Bxf3 24. gxf3 c4 25. Re4 f6 26. Rae1 Kf7 27. Kf1 Rxe4 28. fxe4 Ke6 29. Bc5 Nf4 30. Bd4 Rd8 31. f3 h5 32. b3 b4 33. bxc4 bxc3 34. Be3 Rd3 35. Bxf4 Rxf3+ 36. Ke2 Rxf4 37. Ke3 Rh4 38. Re2 Ke5 39. Kd3 Rh3+ 40. Kc2 Kd4 41. e5 fxe5 42. c5 Kxc5 43. Rxe5+ Kd4 44. Re2 Rd3 45. Kb3 Rd2 46. Re8 Rb2+ 47. Ka3 Rxh2 48. Rd8+ Kc4 49. Rc8+ Kd3 50. Rd8+ Kc2 51. Rd6 Rg2 52. Rxa6 h4 53. Ra4 h3 54. Rh4 h2 55. Rh3 g5 56. Kb4 Rg4+ 57. Kb5 Rh4 58. Rxh2+ Rxh2 59. a4 Kb2 60. a5 c2 61. a6 c1=Q 62. a7 Qc8 63. a8=Q Qxa8 64. Kb6 Qc8 65. Kb5 Rh7 66. Kb6 Rb7+ 67. Ka6 Qa8# 0-1


[Site "https://www.chess.com"]

[Event "Titled Tuesday Blitz January 31 Early 2023"]
[White "Koridze, Lile"]
[Black "Jovic, Stanoje"]
[WhiteFideId "13612514"]
[BlackFideId "905020"]
[WhiteElo "2191"]
[BlackElo "2075"]
[Result "1-0"]
[Round "10"]
[TimeControl "180+2"]
[Date "2023.01.31"]
[WhiteClock "0:01:40"]
[BlackClock "0:00:30"]

1. d4 Nf6 2. c4 e6 3. Nf3 b6 4. g3 Ba6 5. b3 Bb4+ 6. Bd2 Be7 7. Nc3 O-O 8. Bg2 d5 9. cxd5 exd5 10. O-O Re8 11. Re1 c5 12. Bg5 Nc6 13. dxc5 bxc5 14. Rc1 d4 15. Na4 Ne4 16. Bxe7 Qxe7 17. Nd2 f5 18. Nxe4 fxe4 19. Nxc5 Bb7 20. Nxe4 Rad8 21. Nc5 Ba8 22. a3 a5 23. Qd3 Kh8 24. Qb5 Rb8 25. Qa4 Qf6 26. Nd7 Qe7 27. Nxb8 Rxb8 28. Bxc6 1-0


[Site "https://www.chess.com"]

[Event "Titled Tuesday Blitz January 31 Early 2023"]
[White "Liimatainen, Jero"]
[Black "Wartiovaara, Oliver"]
[WhiteFideId "509531"]
[BlackFideId "513024"]
[WhiteElo "1948"]
[BlackElo "2264"]
[Result "0-1"]
[Round "10"]
[TimeControl "180+2"]
[Date "2023.01.31"]
[WhiteClock "0:00:03"]
[BlackClock "0:00:25"]

1. e4 d5 2. exd5 Qxd5 3. Nc3 Qe5+ 4. Be2 Bg4 5. d4 Bxe2 6. Ngxe2 Qa5 7. O-O Nf6 8. a3 Nc6 9. Be3 O-O-O 10. b4 Qh5 11. h3 e6 12. Nf4 Qxd1 13. Rfxd1 a6 14. Na4 Bd6 15. c3 e5 16. Ne2 exd4 17. Nxd4 Nxd4 18. Bxd4 Rhe8 19. Bxf6 gxf6 20. Kf1 b5 21. Nb2 c5 22. Re1 c4 23. Rxe8 Rxe8 24. Re1 Rxe1+ 25. Kxe1 Kc7 26. Ke2 Kc6 27. a4 Kd5 28. axb5 axb5 29. Ke3 Be5 30. Nd1 f5 31. f4 Bg7 32. Kf3 Ke6 33. g4 fxg4+ 34. hxg4 f5 35. gxf5+ Kxf5 36. Ne3+ Ke6 37. Nd1 h5 38. Ke4 Bf6 39. f5+ Kd6 40. Kf4 Kd5 41. Ne3+ Kc6 42. Nd1 Kd6 43. Ke4 h4 44. Kf4 h3 45. Kg3 Ke5 46. Kxh3 Kxf5 47. Kg3 Ke4 48. Kg4 Kd3 49. Kf5 Bxc3 50. Ke6 Bxb4 51. Kd5 Bd2 52. Kc5 b4 53. Nb2+ Kc2 54. Nxc4 b3 55. Kb5 Bc3 56. Ka4 Bd4 57. Ka3 Bc5+ 58. Ka4 Kc3 0-1


[Site "https://www.chess.com"]

[Event "Titled Tuesday Blitz January 31 Early 2023"]
[White "Martin, Lewis"]
[Black "matenitian"]
[WhiteFideId "410551"]
[WhiteElo "2135"]
[BlackElo "2434"]
[Result "0-1"]
[Round "10"]
[TimeControl "180+2"]
[Date "2023.01.31"]
[WhiteClock "0:00:10"]
[BlackClock "0:00:23"]

1. e4 e5 2. Nf3 Nc6 3. Bb5 a6 4. Ba4 Nge7 5. c3 g6 6. O-O Bg7 7. d4 exd4 8. cxd4 O-O 9. Re1 d5 10. e5 Bg4 11. Be3 f6 12. exf6 Bxf6 13. Nbd2 Kh8 14. h3 Bd7 15. Nf1 Nf5 16. Qd2 Nxe3 17. Nxe3 Bg7 18. Nxd5 Bxh3 19. Bxc6 bxc6 20. Nb4 Qd7 21. Nh2 c5 22. Nc2 cxd4 23. gxh3 Qxh3 24. Qg5 Rxf2 25. Kxf2 Qxh2+ 26. Kf3 Rf8+ 27. Ke4 Qxc2+ 28. Kd5 Rf5+ 29. Qxf5 Qxf5+ 30. Kc6 h5 31. Rac1 d3 32. Rcd1 d2 33. Rxd2 Qb5+ 34. Kxc7 Qa5+ 35. Kc8 Qxd2 0-1


[Site "https://www.chess.com"]

[Event "Titled Tuesday Blitz January 31 Early 2023"]
[White "Gressmann, Moritz"]
[Black "Ciuffoletti, Paolo"]
[WhiteFideId "24695084"]
[BlackFideId "807630"]
[WhiteElo "2129"]
[BlackElo "2106"]
[Result "0-1"]
[Round "10"]
[TimeControl "180+2"]
[Date "2023.01.31"]
[WhiteClock "0:00:15"]
[BlackClock "0:00:15"]

1. e4 c5 2. c3 d5 3. exd5 Qxd5 4. d4 Nc6 5. Nf3 e6 6. Be2 Nf6 7. O-O Be7 8. Bg5 O-O 9. Na3 cxd4 10. cxd4 Bxa3 11. bxa3 Ne4 12. Be3 f5 13. Qb3 f4 14. Bc1 Nxd4 15. Nxd4 Qxd4 16. Bb2 Qb6 17. Rfd1 Qxf2+ 18. Kh1 Qxe2 19. Re1 Nf2+ 20. Kg1 Nh3+ 21. gxh3 Qh5 22. Re5 Qg6+ 23. Kh1 f3 24. Rg1 f2 25. Rf1 Bd7 26. Qxb7 Qd3 27. Qg2 Bc6 28. Re4 Bxe4 0-1


[Site "https://www.chess.com"]

[Event "Titled Tuesday Blitz January 31 Early 2023"]
[White "Fernandez Garcia, Gumersindo"]
[Black "Hrbek, Stepan"]
[WhiteFideId "24516740"]
[BlackFideId "393479"]
[WhiteElo "2160"]
[BlackElo "2306"]
[Result "1-0"]
[Round "10"]
[TimeControl "180+2"]
[Date "2023.01.31"]
[WhiteClock "0:00:20"]
[BlackClock "0:00:36"]

1. e4 g6 2. d4 Bg7 3. Nc3 a6 4. Nf3 b5 5. a4 b4 6. Nb1 Bb7 7. Bd3 d6 8. O-O Nf6 9. Re1 O-O 10. b3 c5 11. Bb2 cxd4 12. Nxd4 Nbd7 13. Nf3 Nc5 14. Nbd2 e6 15. Rb1 Qe7 16. Qe2 Rfd8 17. h3 a5 18. Nd4 Rac8 19. Nb5 e5 20. f3 Ne6 21. Nc4 Nf4 22. Qf2 N6h5 23. Nb6 Rc5 24. Rbd1 Bf6 25. Bc4 Bh4 26. Qe3 Bxe1 27. Qxe1 Qg5 28. g4 Nxh3+ 29. Kh2 N5f4 30. Rxd6 Rf8 31. Bc1 Qh6 32. Kg3 Rc6 33. Rxc6 Bxc6 34. Nd5 g5 35. Ne7+ Kh8 36. Nf5 Qf6 37. Bb2 h5 38. Nc7 Rd8 39. Nd5 Bxd5 40. exd5 Qb6 41. Qxe5+ f6 42. Qxf6+ Qxf6 43. Bxf6+ Kg8 44. Bxd8 h4+ 45. Kh2 Nf2 46. Bxg5 Ng6 47. Bxh4 Nd1 48. Ne7+ Kf7 49. Nxg6 Ne3 50. Bd3 Ke8 51. d6 Kd7 52. Be7 Nd5 53. Ne5+ Ke8 54. Bg6# 1-0


[Site "https://www.chess.com"]

[Event "Titled Tuesday Blitz January 31 Early 2023"]
[White "Gonzalez, Francisco Silva"]
[Black "Corredor Castellanos, Camilo"]
[WhiteFideId "1512285"]
[BlackFideId "4425871"]
[WhiteElo "2021"]
[BlackElo "1957"]
[Result "0-1"]
[Round "10"]
[TimeControl "180+2"]
[Date "2023.01.31"]
[WhiteClock "0:00:11"]
[BlackClock "0:00:29"]

1. d4 Nf6 2. c4 e6 3. Nc3 Bb4 4. a3 Bxc3+ 5. bxc3 b6 6. e3 Bb7 7. f3 Nc6 8. e4 Ba6 9. Bd3 Na5 10. Qe2 d6 11. Bg5 Qd7 12. a4 Qc6 13. d5 Qd7 14. c5 Bxd3 15. c6 Bxe2 16. cxd7+ Nxd7 17. dxe6 fxe6 18. Kxe2 O-O 19. Nh3 e5 20. Be3 Nb3 21. Ra3 Na5 22. Nf2 Nc4 23. Ra2 Nxe3 24. Kxe3 a5 25. c4 Nc5 26. Ra3 Kf7 27. Rd1 Ke6 28. Ng4 h5 29. Nf2 Rfd8 30. Ke2 c6 31. Rb1 Ra6 32. Nh3 Kf6 33. Nf2 d5 34. cxd5 cxd5 35. exd5 Rxd5 36. Nd1 Rd4 37. Nc3 Kf5 38. Raa1 Rb4 39. Ke3 Ra8 40. h3 Rd8 41. g4+ hxg4 42. hxg4+ Ke6 43. Rxb4 axb4 44. Ne4 Rd3+ 45. Ke2 Ra3 46. Rc1 Ra2+ 47. Ke3 Ra3+ 48. Ke2 Kd5 49. Rd1+ Kc4 50. Nd6+ Kb3 51. Nc8 Ra2+ 52. Ke3 Nxa4 53. Ke4 Nc3+ 54. Kxe5 Nxd1 55. Nxb6 Rf2 56. f4 Ne3 57. g5 Ng2 58. f5 Ne3 59. f6 gxf6+ 60. gxf6 Ng4+ 61. Ke4 Rxf6 62. Nd5 Nf2+ 63. Ke5 Rf8 64. Ne3 Re8+ 65. Kf4 Rxe3 66. Kf5 Kc2 67. Kg6 Kd3 0-1


[Site "https://www.chess.com"]

[Event "Titled Tuesday Blitz January 31 Early 2023"]
[White "Sanchez, Robert"]
[Black "Kornyukov, Alexey"]
[WhiteFideId "2034360"]
[BlackFideId "4150457"]
[WhiteElo "1966"]
[BlackElo "2452"]
[Result "1-0"]
[Round "10"]
[TimeControl "180+2"]
[Date "2023.01.31"]
[WhiteClock "0:00:05"]
[BlackClock "0:00:01"]

1. e4 c5 2. Nf3 Nc6 3. d4 cxd4 4. Nxd4 e5 5. Nb5 a6 6. Nd6+ Bxd6 7. Qxd6 Qe7 8. Qd1 Nf6 9. Nc3 O-O 10. Bg5 Qe6 11. Be2 d6 12. O-O h6 13. Bh4 Nd7 14. Nd5 Qg6 15. f3 Nc5 16. c3 Be6 17. Ne7+ Nxe7 18. Bxe7 Rfe8 19. Qxd6 Rac8 20. Bh4 Rc6 21. Qxe5 Bd7 22. Qd4 Bh3 23. Bg3 Ne6 24. Qb4 Bxg2 25. Kxg2 Nf4+ 26. Kf2 Rb6 27. Qa4 Nxe2 28. Qxe8+ Kh7 29. Kxe2 Rxb2+ 30. Kd3 Qg5 31. Rad1 Qc5 32. Qe5 Qc6 33. Qd5 Qa4 34. Rd2 Rb5 35. Qd4 Qxa2 36. Rff2 Qb1+ 37. Ke3 Qe1+ 38. Rfe2 Qg1+ 39. Kd3 Qb1+ 40. Ke3 Qg1+ 41. Bf2 Qg5+ 42. f4 Qg4 43. Kd3 Qf3+ 44. Re3 Qh1 45. e5 Qb1+ 46. Ke2 Qh1 47. Qd3+ g6 48. Qe4 Qc1 49. e6 Rb1 50. exf7 Qf1+ 51. Kf3 Qh3+ 52. Bg3 Qf1+ 53. Rf2 Qd1+ 54. Ree2 Qh1+ 55. Ke3 Qc1+ 56. Rd2 Qe1+ 57. Rfe2 Qg1+ 58. Bf2 Qxh2 59. Qf3 Qh1 60. f5 Qc1 61. fxg6+ Kg7 62. f8=Q+ Kxg6 63. Q3f5# 1-0


[Site "https://www.chess.com"]

[Event "Titled Tuesday Blitz January 31 Early 2023"]
[White "Krzywda, Andrzej"]
[Black "ritanovikova"]
[WhiteFideId "1114565"]
[WhiteElo "2223"]
[BlackElo "2206"]
[Result "1-0"]
[Round "10"]
[TimeControl "180+2"]
[Date "2023.01.31"]
[WhiteClock "0:00:34"]
[BlackClock "0:00:05"]

1. e4 d5 2. exd5 Qxd5 3. Nc3 Qd6 4. d4 Nf6 5. g3 c6 6. Bf4 Qb4 7. Rb1 e6 8. a3 Qa5 9. Bg2 Nbd7 10. Ne2 Nd5 11. Bd2 Qc7 12. Ne4 N7f6 13. c4 Nxe4 14. Bxe4 Nf6 15. Bg2 Bd6 16. c5 Be7 17. Bf4 Qd8 18. Nc3 Nd5 19. Nxd5 exd5 20. O-O O-O 21. Qd3 g6 22. Rbe1 Bf5 23. Qd2 Bf6 24. h3 Qd7 25. g4 Be6 26. Be5 Bxe5 27. Rxe5 f6 28. Ree1 Kg7 29. Qf4 Bf7 30. Re3 Rfe8 31. Rfe1 Rxe3 32. Rxe3 Re8 33. b4 Rxe3 34. Qxe3 a6 35. f4 Qe6 36. Kf2 Qxe3+ 37. Kxe3 f5 38. a4 Be8 39. b5 axb5 40. axb5 Bd7 41. g5 h6 42. h4 hxg5 43. hxg5 Kf8 44. Kd3 Ke7 45. Kc3 Ke6 46. Kb4 Ke7 47. Ka5 Kd8 48. Kb6 Kc8 49. Bf1 Kb8 50. Bd3 Be8 51. Bc2 Kc8 52. Ba4 cxb5 53. Bb3 Bf7 54. Kxb5 Kc7 55. Bd1 Be6 56. Bf3 Bd7+ 57. Ka5 Be6 58. Bg2 Bf7 59. Bf1 Be6 60. Bb5 Bf7 61. Ba4 Kc8 62. Kb6 Kb8 63. Bd7 Ka8 64. Bc8 Kb8 65. Bxb7 Be6 66. c6 Bd7 67. c7# 1-0


[Site "https://www.chess.com"]

[Event "Titled Tuesday Blitz January 31 Early 2023"]
[White "Tuleyeva-Aketayeva, Dana"]
[Black "Babikov, Ivan"]
[WhiteFideId "13701932"]
[BlackFideId "4161106"]
[WhiteElo "2130"]
[BlackElo "2239"]
[Result "0-1"]
[Round "10"]
[TimeControl "180+2"]
[Date "2023.01.31"]
[WhiteClock "0:01:04"]
[BlackClock "0:01:43"]

1. d4 c5 2. c3 cxd4 3. cxd4 Nf6 4. Nf3 g6 5. g3 Bg7 6. Bg2 O-O 7. O-O d6 8. Nc3 Bf5 9. Re1 Ne4 10. Nh4 Nxc3 11. bxc3 Bc8 12. Qb3 Nc6 13. e4 e5 14. dxe5 Nxe5 15. Ba3 Be6 16. Qxb7 Rb8 17. Qa6 Rb6 18. Qe2 Qc7 19. Red1 Qxc3 20. Qe3 Qxe3 21. fxe3 Nc4 0-1


[Site "https://www.chess.com"]

[Event "Titled Tuesday Blitz January 31 Early 2023"]
[White "Osiecki, Stanislaw"]
[Black "Hoffmann, Asa"]
[WhiteFideId "1102990"]
[BlackFideId "2001470"]
[WhiteElo "2055"]
[BlackElo "2185"]
[Result "0-1"]
[Round "10"]
[TimeControl "180+2"]
[Date "2023.01.31"]
[WhiteClock "0:00:01"]
[BlackClock "0:00:21"]

1. e4 d6 2. d4 Nf6 3. Nc3 c6 4. f4 Qa5 5. Bd3 e5 6. dxe5 dxe5 7. fxe5 Ng4 8. h3 Nxe5 9. Nf3 Be6 10. Nxe5 Qxe5 11. O-O Bd6 12. Bf4 Qc5+ 13. Kh1 Bxf4 14. Rxf4 Qe5 15. Qf3 Nd7 16. Rf1 O-O 17. Rh4 g6 18. Qe3 b5 19. Qh6 Qg7 20. Qe3 Ne5 21. Ne2 Rad8 22. Nf4 Bc4 23. Rd1 Qf6 24. Qg3 Kh8 25. b3 Bxd3 26. Nxd3 Rfe8 27. Re1 Nxd3 28. cxd3 Rxd3 29. Qxd3 Qxh4 30. Rf1 Qxe4 31. Qc3+ Qe5 32. Qxc6 Re7 33. a4 bxa4 34. bxa4 a5 35. Rb1 Kg7 36. Rb5 Qf4 37. Qc3+ Kh6 38. Rxa5 Rc7 39. Rc5 Rxc5 40. Qxc5 Qxa4 41. Qe3+ g5 42. Qb6+ Kg7 43. Qb2+ Kg6 44. Qb6+ f6 45. Qe6 Qf4 46. Qe8+ Kg7 47. Qe7+ Kg6 48. Qe8+ Kf5 49. Qd7+ Ke5 50. Qxh7 f5 51. Qe7+ Kd4 52. Qd7+ Ke3 53. Qe7+ Kf2 54. Qa3 Qe3 55. Qa2+ Kg3 0-1


[Site "https://www.chess.com"]

[Event "Titled Tuesday Blitz January 31 Early 2023"]
[White "Skliarov, Viktor"]
[Black "Vaglio Munoz, Jaime"]
[WhiteFideId "14106736"]
[BlackFideId "6500145"]
[WhiteElo "2383"]
[BlackElo "2174"]
[Result "1-0"]
[Round "10"]
[TimeControl "180+2"]
[Date "2023.01.31"]
[WhiteClock "0:00:42"]
[BlackClock "0:00:42"]

1. e4 c6 2. d4 Qa5+ 3. Nc3 b5 4. Bd2 b4 5. Nce2 Qb6 6. Nf3 d5 7. Ng3 e6 8. Bd3 Ba6 9. O-O Bxd3 10. cxd3 Nf6 11. Rc1 Qb5 12. Bf4 Be7 13. e5 Nfd7 14. Nh5 g6 15. Ng3 h5 16. Bg5 Bf8 17. h4 c5 18. dxc5 Bxc5 19. Ne2 O-O 20. Ned4 Qb6 21. Nb3 d4 22. Nxc5 Nxc5 23. Be7 Rc8 24. Qd2 Kh7 25. Ng5+ Kg8 26. Qf4 f5 27. exf6 e5 28. f7+ Kg7 29. f8=Q+ Rxf8 30. Qxf8# 1-0


[Site "https://www.chess.com"]

[Event "Titled Tuesday Blitz January 31 Early 2023"]
[White "Zampronha, Wladimir Camilo"]
[Black "Mosquera, Miguel"]
[WhiteFideId "2103087"]
[BlackFideId "4401131"]
[WhiteElo "2176"]
[BlackElo "2371"]
[Result "0-1"]
[Round "10"]
[TimeControl "180+2"]
[Date "2023.01.31"]
[WhiteClock "0:00:04"]
[BlackClock "0:00:04"]

1. e4 c5 2. Nf3 d6 3. d4 cxd4 4. Nxd4 Nf6 5. Nc3 a6 6. Bg5 e6 7. f4 b5 8. e5 dxe5 9. Ndxb5 Qxd1+ 10. Rxd1 axb5 11. Nxb5 Na6 12. fxe5 Nd5 13. c4 Bb4+ 14. Kf2 Bc5+ 15. Kf3 Ne7 16. Nd6+ Bxd6 17. exd6 f6 18. dxe7 fxg5 19. Rd8+ Kxe7 20. Rxh8 Bb7+ 21. Kg4 Rxh8 22. Kxg5 Nc5 23. b4 Ne4+ 24. Kf4 Rf8+ 25. Ke3 Nf2 26. Rg1 Ng4+ 27. Kd4 Rc8 28. Be2 e5+ 29. Kc3 Nf6 30. a4 Nd5+ 31. Kb3 Nf4 32. Bf3 e4 33. Re1 Kf6 34. Bg4 Rd8 35. a5 h5 36. Bd1 Nd3 37. Rf1+ Ke6 38. b5 Nc5+ 39. Kb4 Nd7 40. a6 Ba8 41. c5 Ne5 42. Be2 Rd4+ 43. Ka5 Nd7 0-1


[Site "https://www.chess.com"]

[Event "Titled Tuesday Blitz January 31 Early 2023"]
[White "Mitrovic, Darko R"]
[Black "Orujov, Elshad"]
[WhiteFideId "927023"]
[BlackFideId "13403540"]
[WhiteElo "2220"]
[BlackElo "2304"]
[Result "0-1"]
[Round "10"]
[TimeControl "180+2"]
[Date "2023.01.31"]
[WhiteClock "0:00:03"]
[BlackClock "0:01:17"]

1. d4 Nf6 2. Nf3 e6 3. g3 d5 4. Bg2 Be7 5. O-O O-O 6. c4 dxc4 7. Qa4 a6 8. Qxc4 b5 9. Qc2 Bb7 10. Nbd2 Nbd7 11. a4 c5 12. axb5 axb5 13. Rxa8 Qxa8 14. dxc5 Bxc5 15. Nb3 Bb6 16. Bf4 Rc8 17. Qd2 Qa2 18. Nbd4 Ne4 19. Qb4 Qc4 20. Qxb5 Qxb5 21. Nxb5 Rc2 22. b4 Rxe2 23. Nfd4 Rb2 24. Be3 Rxb4 25. Bxe4 Bxe4 26. Nd6 Bxd4 27. Bxd4 Rxd4 28. Nxe4 Rxe4 0-1


[Site "https://www.chess.com"]

[Event "Titled Tuesday Blitz January 31 Early 2023"]
[White "Hertlein, Irena"]
[Black "Szente Varga, Fruzsina"]
[WhiteFideId "21817618"]
[BlackFideId "712264"]
[WhiteElo "1994"]
[BlackElo "2075"]
[Result "0-1"]
[Round "10"]
[TimeControl "180+2"]
[Date "2023.01.31"]
[WhiteClock "0:00:09"]
[BlackClock "0:01:00"]

1. Nf3 Nf6 2. c4 g6 3. b3 Bg7 4. Bb2 O-O 5. g3 d5 6. cxd5 Nxd5 7. Bxg7 Kxg7 8. Bg2 c5 9. O-O Nc6 10. d4 cxd4 11. Nxd4 Nxd4 12. Qxd4+ Nf6 13. Qe5 Qb6 14. Nc3 Be6 15. Na4 Qb4 16. Rac1 Rac8 17. h4 b6 18. h5 Qa3 19. h6+ Kxh6 20. Rxc8 Rxc8 21. Bf3 Kg7 22. g4 h6 23. g5 hxg5 24. Qxg5 Qxa2 25. Kg2 Qxb3 26. Rh1 Rh8 27. Rxh8 Kxh8 28. Qh4+ Kg8 29. e3 Bd5 30. Bxd5 Qxd5+ 31. Kg1 Qe4 32. Qg3 Qxa4 33. Qb8+ Kg7 0-1


[Site "https://www.chess.com"]

[Event "Titled Tuesday Blitz January 31 Early 2023"]
[White "Zacurdajev, Dmitry"]
[Black "Hartikainen, Jarmo"]
[WhiteFideId "4196309"]
[BlackFideId "503134"]
[WhiteElo "2273"]
[BlackElo "2108"]
[Result "1-0"]
[Round "10"]
[TimeControl "180+2"]
[Date "2023.01.31"]
[WhiteClock "0:00:36"]
[BlackClock "0:00:03"]

1. d4 Nf6 2. c4 g6 3. Nc3 d5 4. cxd5 Nxd5 5. e4 Nxc3 6. bxc3 Bg7 7. Nf3 O-O 8. Be3 c5 9. Qd2 Qa5 10. Rb1 a6 11. Rc1 Nd7 12. Be2 b5 13. h4 cxd4 14. cxd4 Qxd2+ 15. Kxd2 Nf6 16. e5 Nd5 17. h5 Bb7 18. Rh4 Nxe3 19. fxe3 h6 20. hxg6 fxg6 21. Bd3 g5 22. Rh2 Rfc8 23. e4 Rxc1 24. Kxc1 Rc8+ 25. Kd2 e6 26. Rh1 Kf7 27. Rf1 Ke7 28. g4 Rc7 29. Ne1 Bc8 30. Nc2 Bd7 31. Ne3 a5 32. a3 b4 33. axb4 axb4 34. Rb1 Rb7 35. Nc4 Bf8 36. Nd6 Rb6 37. Rf1 b3 38. Rf7+ Kd8 39. Rxf8+ Kc7 40. Rf1 b2 41. Rb1 Ba4 42. Nc4 Rb8 43. Rxb2 Rf8 44. Ke3 1-0


[Site "https://www.chess.com"]

[Event "Titled Tuesday Blitz January 31 Early 2023"]
[White "Thomas, Anysia"]
[Black "Begunov, Konstantin"]
[WhiteFideId "670472"]
[BlackFideId "4118510"]
[WhiteElo "2147"]
[BlackElo "2325"]
[Result "1-0"]
[Round "10"]
[TimeControl "180+2"]
[Date "2023.01.31"]
[WhiteClock "0:00:06"]
[BlackClock "0:00:09"]

1. d4 d5 2. c4 c6 3. Nf3 Nf6 4. e3 a6 5. Qb3 b5 6. c5 a5 7. a4 b4 8. Ne5 Nfd7 9. f4 Nxe5 10. fxe5 f6 11. exf6 exf6 12. Bd3 Ba6 13. O-O g6 14. e4 dxe4 15. Bxa6 Rxa6 16. Qe6+ Be7 17. Be3 f5 18. g4 Qd5 19. Qc8+ Qd8 20. Qxd8+ Kxd8 21. gxf5 Nd7 22. Nd2 Nf6 23. Nc4 Nd5 24. Bf4 Ra7 25. fxg6 hxg6 26. Be5 Rh5 27. Rae1 e3 28. Nb6 Rf5 29. Nxd5 cxd5 30. Rxf5 gxf5 31. Rxe3 Kd7 32. Rf3 Ke6 33. Rh3 Bg5 34. Rh5 Be3+ 35. Kf1 Rf7 36. Ke2 f4 37. Kf3 Bc1 38. Rh6+ Kd7 39. b3 Ke8 40. c6 Be3 41. c7 Kd7 42. Rh8 Bxd4 43. c8=Q+ Ke7 44. Re8# 1-0


[Site "https://www.chess.com"]

[Event "Titled Tuesday Blitz January 31 Early 2023"]
[White "Belenkaya, Dina"]
[Black "MunichMouse"]
[WhiteFideId "24142654"]
[WhiteElo "2267"]
[BlackElo "2204"]
[Result "0-1"]
[Round "10"]
[TimeControl "180+2"]
[Date "2023.01.31"]
[WhiteClock "0:00:12"]
[BlackClock "0:00:08"]

1. Nf3 Nf6 2. g3 c5 3. Bg2 g6 4. d3 Bg7 5. e4 d6 6. O-O O-O 7. Be3 h6 8. h3 Nc6 9. Qd2 Kh7 10. g4 Nd7 11. Nc3 Nd4 12. Nh4 e5 13. Nd5 Qxh4 14. c3 Ne6 15. a3 Qd8 16. f4 exf4 17. Nxf4 Ne5 18. Nd5 Rb8 19. b3 b5 20. d4 Nd7 21. Rf2 Bb7 22. Raf1 Qe8 23. h4 cxd4 24. cxd4 Bxd5 25. exd5 Nc7 26. Bf4 Rb6 27. Qc1 Qd8 28. Be3 Nf6 29. g5 Nfxd5 30. Rxf7 Rxf7 31. Rxf7 Nxe3 32. gxh6 Nf5 33. hxg7 Nxg7 34. Qxc7 Qxc7 35. Rxc7 Ra6 36. a4 bxa4 37. bxa4 Rxa4 38. d5 Rxh4 39. Rxa7 Kh6 40. Rd7 Nf5 41. Be4 Rxe4 42. Rf7 Kg5 43. Rf8 Rd4 44. Rg8 Rxd5 45. Rb8 Rd3 46. Rb4 d5 47. Rb2 Kf4 48. Rf2+ Rf3 49. Rc2 d4 50. Rd2 d3 51. Kg2 Ne3+ 52. Kh2 Nf1+ 53. Kh1 Nxd2 54. Kg1 Kg3 55. Kh1 Rf1# 0-1


[Site "https://www.chess.com"]